 Dungeon Crawl Stone Soup version 0.27-a0-1217-g8a41f320e8 (webtiles) character file.

Game seed: 1687783043547434928

4 Ancestrald the Magician (level 1, 0/10 HPs)
             Began as a Tengu Hedge Wizard on June 6, 2021.
             Slain by a quokka (4 damage)
             ... on level 1 of the Dungeon.
             The game lasted 00:01:22 (147 turns).

Ancestrald the Magician (Tengu Hedge Wizard)         Turns: 147, Time: 00:01:22

Health: 0/10       AC:  2    Str: 10    XL:     1   Next: 60%
Magic:  0/5        EV: 12    Int: 14    God:
Gold:   22         SH:  0    Dex: 13    Spells: 5/6 levels left

rFire    . . .     SeeInvis .   a - +0 dagger
rCold    . . .     Faith    .   (no shield)
rNeg     . . .     Spirit   .   b - +0 robe
rPois    .         Reflect  .   c - +0 hat
rElec    .         Harm     .   (no cloak)
rCorr    .         Rampage  .   (no gloves)
Will     .....                  (boots unavailable)
Stlth    ++........             (no amulet)
HPRegen  0.03/turn              (no ring)
MPRegen  0.09/turn              (no ring)

@: no status effects
A: beak, talons 3
a: no special abilities


You were on level 1 of the Dungeon.
You visited 1 branch of the dungeon, and saw 1 of its levels.

You collected 22 gold pieces.

Inventory:

Hand Weapons
 a - a +0 dagger (weapon)
Armour
 b - a +0 robe (worn)
 c - a +0 hat (worn)


   Skills:
 + Level 0.4 Short Blades
 + Level 2.3 Dodging
 + Level 2.0 Stealth
 + Level 3.0 Spellcasting
 * Level 1.3 Conjurations
 * Level 1.2 Summonings
 + Level 0.7 Translocations


You had 5 spell levels left.
You knew the following spells:

 Your Spells              Type           Power      Damage    Failure   Level
a - Magic Dart            Conj           20%        1d4       12%         1

Your spell library contained the following spells:

 Spells                   Type           Power      Damage    Failure   Level
 Call Imp                 Summ           5%         N/A       21%         2
 Blink                    Tloc           N/A        N/A       24%         2
 Slow                     Hex            2%         N/A       32%         2
 Conjure Flame            Conj/Fire      4%         6-21      43%         3
 Mephitic Cloud           Conj/Pois/Air  3%         N/A       47%         3


Dungeon Overview and Level Annotations

Branches:
Dungeon (1/15)

Altars:


Innate Abilities, Weirdness & Mutations

You have a beak for a mouth.
You have claws for feet.


Message History

Press: ? - help, Q - select action Shift-Dir - straight line, f - goblin
Aim: a goblin, wielding a +0 club (wandering, hasn't noticed you, 100% to hit)
The magic dart hits the goblin.
The goblin is almost dead.
You don't have enough magic to cast this spell.
You don't have enough magic to cast this spell.
Unknown command.
Unknown command.
You don't have enough magic to cast this spell.
You don't have enough magic to cast this spell.
Aiming: Magic Dart (safe; 12% risk of failure)
Press: ? - help, Q - select action Shift-Dir - straight line, f/p - goblin
Aim: a goblin, wielding a +0 club (severely wounded, 100% to hit)
You miscast Magic Dart.
You are very lightly contaminated with residual magic.
Nothing appears to happen.
A goblin opens the huge gate.
Found a faded altar of an unknown god.
You don't have enough magic to cast this spell.
You don't have enough magic to cast this spell.
You don't have enough magic to cast this spell.
You don't have enough magic to cast this spell.
The quokka bites you.
Your magical contamination has completely faded away.
Found a mace.
Found 10 gold pieces.
You don't have enough magic to cast this spell.
Found 17 stones.
The quokka closely misses you. The quokka bites you.
The quokka barely misses you.
Aiming: Magic Dart (safe; 12% risk of failure)
Press: ? - help, Q - select action Shift-Dir - straight line, f/p - goblin
Aim: a goblin, wielding a +0 club (moderately wounded, 100% to hit)
The magic dart hits the goblin.
The goblin is severely wounded.
The quokka bites you.
You hit the quokka. You claw the quokka. Your peck misses the quokka.
The quokka is severely wounded.
The quokka bites you.
You die...

##...............#
.................#
'...............(#
'..............###
'..............#
'..###########l##
'..#....<....#.g##
...#.........##.r#
#.##.#.....#.###@#
#.##.........# #.#
...#.........# #..
...#.#.....#.# ....
...#.........# .....
...#.........##.....#
...#.#.....#.###....#
...#.........# #....#
...#.........#


You could see a quokka, a goblin and a frilled lizard.

Vanquished Creatures
  3 jackals (D:1)
3 creatures vanquished.

Notes
Turn   | Place    | Note
-------+----------+-------------------------------------------
     0 | D:1      | Ancestrald the Tengu Hedge Wizard began the quest for the
                  | Orb.
     0 | D:1      | Reached XP level 1. HP: 10/10 MP: 5/5
   127 | D:1      | Found a faded altar of an unknown god.
   147 | D:1      | Slain by a quokka

Illustrated notes

Levels and vault maps discovered:
D:1:      lemuel_arrival_broad_hall, layout_rooms,
          hellmonk_ecumenical_altar_heavens_door

Action                   || total
-------------------------++-------
Melee: Dagger            ||     4
       Kick              ||     1
       Peck              ||     1
 Cast: Magic Dart        ||    12
Dodge: Dodged            ||     6

Table legend: (Time is in decaauts)
 A = Elapsed time spent in this place.
 B = Non-inter-level travel time spent in this place.
 C = Inter-level travel time spent in this place.
 D = Time resting spent in this place.
 E = Time spent auto-exploring this place.
 F = Levels seen in this place.
 G = Mean time per level.
                   A        B        C        D        E       F      G
               +--------+--------+--------+--------+--------+-----+--------+
         Total |    147 |    147 |      0 |     68 |     21 |   1 |  147.0 |
       Dungeon |    147 |    147 |      0 |     68 |     21 |   1 |  147.0 |
               +--------+--------+--------+--------+--------+-----+--------+

Top non-repeatable levels by time:
     D:1: 147 daAuts
